 Dungeon Crawl Stone Soup version 0.22.0-13-g43fe8f2 (webtiles) character file.

2039 Loudmushroom the Cleaver (level 9, 78/78 HPs)
             Began as a Minotaur Fighter on Aug 16, 2018.
             Was a Follower of Okawaru.
             Quit the game on level 6 of the Dungeon.
             The game lasted 00:41:54 (6740 turns).

Loudmushroom the Cleaver (Minotaur Fighter)         Turns: 6740, Time: 00:41:54

Health: 78/78      AC:  8    Str: 22    XL:     9   Next: 4%
Magic:  10/10      EV:  8    Int:  5    God:    Okawaru [*.....]
Gold:   6          SH: 11    Dex: 12    Spells: 8/8 levels left

rFire    . . .     SeeInvis .   a - +3 war axe
rCold    + . .     Gourm    +   c - +0 shield
rNeg     . . .     Faith    .   A - +1 ring mail {rC+}
rPois    .         Spirit   .   (helmet restricted)
rElec    .         Reflect  .   s - +0 cloak
rCorr    .         Harm     .   (no gloves)
MR       .....                  (no boots)
Stlth    +.........             h - amulet of the gourmand
HPRegen  0.23/turn              (no ring)
MPRegen  0.12/turn              (no ring)

@: drained
A: retaliatory headbutt, horns 2
a: Heroism, Renounce Religion


You were on level 6 of the Dungeon.
You worshipped Okawaru.
Okawaru was aware of your devotion.
You were very full.

You visited 2 branches of the dungeon, and saw 8 of its levels.

You collected 258 gold pieces.
You spent 252 gold pieces at shops.

Inventory:

Hand Weapons
 a - a +3 war axe (weapon)
 b - a +0 hunting sling
 y - a +0 blowgun
 E - a +2 shortbow of freezing
 F - a +2 hand axe of draining
 H - a +0 flail
Missiles
 e - 157 stones
 p - 102 arrows
 r - 26 bolts
 u - 6 tomahawks (quivered)
 z - 19 poisoned needles
Armour
 c - a +0 shield (worn)
 s - a +0 cloak (worn)
 v - a +1 plate armour
 A - a +1 ring mail of cold resistance (worn)
 K - the +1 scale mail of Broken Taboos {Int+4}
   (You bought it in a shop on level 6 of the Dungeon)

   It affects your intelligence (+4).
Jewellery
 h - an amulet of the gourmand (around neck)
 J - an uncursed ring of protection from fire {unknown}
Wands
 k - a wand of iceblast (16)
 w - a wand of acid (10)
Scrolls
 g - 3 scrolls of teleportation
 n - 5 scrolls of identify
 o - a scroll of fog
 q - 4 scrolls of remove curse
 t - a scroll of acquirement {unknown}
 C - a scroll of fear {unknown}
 I - a scroll of enchant armour
Potions
 d - 3 potions of might
 i - a potion of ambrosia {unknown}
 j - 2 potions of brilliance
 l - 2 potions of mutation
 m - a potion of magic
 x - a potion of heal wounds {unknown}
 B - 2 potions of lignification
 D - a potion of berserk rage
 G - 2 potions of flight {unknown}
Comestibles
 f - 15 rations


   Skills:
 + Level 6.8(6.5) Fighting
 * Level 8.7(8.4) Axes
 + Level 6.9(6.6) Armour
 + Level 6.9(6.6) Shields
 + Level 2.1(1.8) Invocations
 + Level 2.9(2.6) Evocations


You had 8 spell levels left.
You didn't know any spells.
Your spell library contained the following spells:

 Spells                   Type           Power        Failure   Level  Hunger
 Confuse                  Hex            #.......     100%        3    ####...
 Throw Frost              Conj/Ice       #.....       98%         2    ###....
 Freeze                   Ice            #...         94%         1    ##.....
 Summon Ice Beast         Ice/Summ       #.......     100%        4    #####..
 Ozocubu's Armour         Chrm/Ice       #.......     100%        3    ####...
 Tukima's Dance           Hex            #.......     100%        3    ####...
 Throw Icicle             Conj/Ice       #.......     100%        4    #####..
 Ensorcelled Hibernation  Hex/Ice        #.....       98%         2    ###....
 Corona                   Hex            #......      94%         1    ##.....
 Dazzling Spray           Conj/Hex       #.....       100%        3    ####...


Dungeon Overview and Level Annotations

Branches:
Dungeon (7/15)             Temple (1/1) D:6

Altars:
Ashenzari
Dithmenos
Elyvilon
Fedhas
Gozag
Kikubaaqudgha
Nemelex Xobeh
Okawaru
Qazlal
Ru
Sif Muna
Vehumet
Wu Jian
Yredelemnul

Shops:
D:6 [   D:7 [


Innate Abilities, Weirdness & Mutations

You reflexively headbutt those who attack you in melee.
You have a pair of horns on your head.


Message History

K - an ancient scale mail Thank you for shopping at Eruengy's Antique Armour Emporium!
Wear which item? (? for menu, Esc to quit)
You start removing your armour.
You continue taking off your +1 plate armour. x4
You finish taking off your +1 plate armour.
You start putting on your armour.
You continue putting on your ancient scale mail. x5
You finish putting on the +1 scale mail of Broken Taboos {Int+4}.
Quiver which item? (- for none, * to show all) (? for menu, Esc to quit)
Okay, then.
Wear which item? (? for menu, Esc to quit)
You start removing your armour.
You continue taking off the +1 scale mail of Broken Taboos {Int+4}. x4
You finish taking off the +1 scale mail of Broken Taboos {Int+4}.
You start putting on your armour.
You continue putting on your shiny ring mail. x5
You finish putting on your +1 ring mail of cold resistance.
You feel resistant to cold.
Are you sure you want to abandon this character and quit the game? (Confirm with "yes".)

#.# #.##### #.#
#.# # #.# #.# #
#.# #.# ##
#.##########.# #.
#....<.......# ##.
#..#############..
#..# ####...
#@.####### #......
#........# #..#...
##.#####.#
##.##.รท ##.# #)#
#.###. #..# #.#
#.# #. #.##
#.####.# #. #.#
#.#.##.# #.
#.######..#.#.# #.
#....>...###..# #.


There were no monsters in sight!

Vanquished Creatures
  Pikel (D:7)
  An ice beast (D:6)
  A phantom (D:7)
  2 ogres
  A slave (D:7)
  3 bullfrogs (D:6)
  2 scorpions
  A howler monkey (D:5)
  A crimson imp (D:7)
  A bullfrog zombie (D:6)
  2 hounds (D:4)
  2 quasits
  Crazy Yiuf (D:7)
  2 orc priests
  2 iguanas
  7 orc wizards
  3 worker ants
  A hound zombie (D:4)
  A hound skeleton (D:6)
  A worker ant zombie (D:4)
  4 gnolls (D:5)
  2 howler monkey skeletons
  5 adders
  A shadow imp (D:6)
  An ooze (D:4)
  An adder zombie (D:5)
  3 worms
  4 dart slugs
  4 leopard geckos
  17 orcs
  7 bats
  2 giant cockroaches (D:4)
  10 goblins
  13 hobgoblins
  20 jackals
  7 kobolds
  4 quokkas
  3 frilled lizards
  A giant cockroach zombie (D:6)
  A leopard gecko zombie (D:6)
  10 rats
  2 fungi (D:7)
158 creatures vanquished.

Vanquished Creatures (others)
  A worker ant (D:7)
  An adder (D:3)
2 creatures vanquished.

Grand Total: 160 creatures vanquished

Notes
Turn   | Place    | Note
-------+----------+-------------------------------------------
     0 | D:1      | Loudmushroom the Minotaur Fighter began the quest for the Orb.
     0 | D:1      | Reached XP level 1. HP: 19/19 MP: 0/0
     1 | D:1      | Noticed an electric eel
   182 | D:1      | Reached XP level 2. HP: 27/27 MP: 1/1
   306 | D:1      | Reached skill level 3 in Axes
  1021 | D:2      | Reached XP level 3. HP: 27/33 MP: 2/2
  1256 | D:2      | Found a blossoming altar of Fedhas.
  1256 | D:2      | Found an ancient bone altar of Kikubaaqudgha.
  1348 | D:2      | Found an ornate altar of the Wu Jian Council.
  1615 | D:2      | Found a basalt altar of Yredelemnul.
  1819 | D:2      | Found a deep blue altar of Sif Muna.
  2063 | D:3      | Reached XP level 4. HP: 38/40 MP: 3/3
  2067 | D:3      | Reached skill level 4 in Axes
  2349 | D:3      | Found a sparkling altar of Nemelex Xobeh.
  2654 | D:3      | Reached XP level 5. HP: 39/47 MP: 4/4
  2946 | D:4      | Reached skill level 5 in Axes
  2963 | D:4      | Reached XP level 6. HP: 46/55 MP: 5/5
  3022 | D:4      | Found a sacrificial altar of Ru.
  3078 | D:4      | Reached skill level 5 in Fighting
  3078 | D:4      | Reached skill level 5 in Shields
  3103 | D:4      | Reached skill level 5 in Armour
  3140 | D:4      | Reached skill level 6 in Axes
  3410 | D:4      | Found a shattered altar of Ashenzari.
  3577 | D:4      | Reached XP level 7. HP: 61/61 MP: 6/6
  3986 | D:5      | Entered Level 5 of the Dungeon
  4055 | D:5      | Found a stormy altar of Qazlal.
  4055 | D:5      | Found a radiant altar of Vehumet.
  4112 | D:5      | Found a white marble altar of Elyvilon.
  4711 | D:6      | Found a shadowy altar of Dithmenos.
  4714 | D:6      | Reached skill level 1 in Evocations
  4724 | D:6      | Reached skill level 7 in Axes
  4940 | D:6      | Reached XP level 8. HP: 70/70 MP: 8/8
  5179 | D:6      | Found a staircase to the Ecumenical Temple.
  5185 | Temple   | Entered the Ecumenical Temple
  5311 | Temple   | Became a worshipper of Warmaster Okawaru
  5415 | D:6      | Found Eruengy's Antique Armour Emporium.
  5548 | D:7      | Found Tigoaggu's Antique Armour Boutique.
  5761 | D:7      | Reached skill level 1 in Invocations
  5819 | D:7      | Noticed Pikel
  5867 | D:7      | Killed Pikel
  5867 | D:7      | Reached * piety under Okawaru
  5867 | D:7      | Reached skill level 8 in Axes
  6043 | D:7      | Reached XP level 9. HP: 78/78 MP: 10/10
  6088 | D:7      | Found a runed door.
  6193 | D:7      | Noticed Crazy Yiuf
  6197 | D:7      | Killed Crazy Yiuf
  6720 | D:6      | Bought an ancient scale mail for 252 gold pieces
  6730 | D:6      | Identified the +1 scale mail of Broken Taboos {Int+4} (You bought it in a shop on level 6 of the Dungeon)
  6740 | D:6      | Quit the game

Skill      XL: |  1  2  3  4  5  6  7  8 |
---------------+-------------------------+-----
Axes           | 3 4 5 6 7 8 |  8.7
Fighting       | 4 5 6 |  6.8
Armour         | 4 5 6 |  6.9
Shields        | 4 5 6 |  6.9
Evocations     | 1 2 |  2.9
Invocations    | 2 |  2.1

Action                   |  1- 3 |  4- 6 |  7- 9 || total
-------------------------+-------+-------+-------++-------
Melee: War axe           |   118 |   179 |   157 ||   454
       Headbutt          |    17 |    30 |    33 ||    80
 Fire: Hunting sling     |       |       |     3 ||     3
  Use: Scroll            |       |       |    18 ||    18
  Eat: Chunk             |     3 |     6 |    24 ||    33
Armor: Scale mail        |     7 |       |       ||     7
       Chain mail        |    39 |       |       ||    39
       Plate armour      |     7 |   111 |    94 ||   212
Dodge: Dodged            |    23 |    43 |    27 ||    93
Block: Shield            |    66 |   109 |    84 ||   259
